 Dungeon Crawl Stone Soup version 0.27-a0-46-g34d46f0a3f (webtiles) character file.

Game seed: 3370956303585657950

1713 Borgoz the Ruffian (level 9, -1/74 HPs)
             Began as a Ghoul Gladiator on Jan 6, 2021.
             Slain by an orc warrior
             ... wielding a +0 trident
              (15 damage)
             ... on level 11 of the Dungeon.
             The game lasted 00:07:53 (4902 turns).

Borgoz the Ruffian (Ghoul Gladiator)                Turns: 4902, Time: 00:07:53

Health: -1/74      AC: 10    Str: 18    XL:     9   Next: 4%
Magic:  6/8        EV: 13    Int:  3    God:
Gold:   272        SH:  0    Dex: 13    Spells: 8/8 levels left

rFire    . . .     SeeInvis .     - Unarmed
rCold    + . .     Faith    .   (no shield)
rNeg     + + +     Spirit   .   q - +0 scale mail
rPois    ∞         Reflect  .   b - +1 helmet
rElec    .         Harm     .   d - +0 cloak
rCorr    .         Rampage  .   (no gloves)
Will     .....                  (no boots)
Stlth    ..........             i - amulet of regeneration
HPRegen  0.00/turn              (no ring)
MPRegen  0.11/turn              (no ring)

@: about to teleport
A: claws 1, cold resistance 1, negative energy resistance 3, inhibited
regeneration, torment resistance, unbreathing
a: no special abilities


You were on level 11 of the Dungeon.
You visited 1 branch of the dungeon, and saw 10 of its levels.

You collected 292 gold pieces.
You spent 20 gold pieces at shops.

Inventory:

Missiles
 c - 2 throwing nets (quivered)
Armour
 b - a +1 helmet (worn)
 d - a +0 cloak (worn)
 q - a +0 scale mail (worn)
Jewellery
 i - an amulet of regeneration (around neck)
Scrolls
 e - a scroll of blinking
 g - 2 scrolls of magic mapping
 h - a scroll of noise {unknown}
 j - 2 scrolls of remove curse
Potions
 l - 2 potions of haste
 m - a potion of mutation {unknown}
 o - 4 potions of brilliance


   Skills:
 + Level 5.4 Fighting
 - Level 1.8 Throwing
 + Level 3.8 Armour
 * Level 6.4 Dodging
 * Level 7.9 Unarmed Combat


You had 8 spell levels left.
You didn't know any spells.
Your spell library was empty.

Dungeon Overview and Level Annotations

Branches:
Dungeon (12/15)               Orc (0/2) D:11
 Temple: D:4-7         Lair: D:8-11

Altars:
Fedhas
Hepliaklqana
Kikubaaqudgha
Qazlal
Ru
Trog

Shops:
D:6 *

Annotations:
D:5 Prince Ribbit
D:6 Edmund
D:10 Psyche


Innate Abilities, Weirdness & Mutations

You thrive by killing the living.
You are immune to poison.
You have sharp fingernails.
Your flesh is cold resistant. (rC+)
You are immune to negative energy. (rN+++)
You do not regenerate when monsters are visible.
You are immune to unholy pain and torment.
You can survive without breathing.


Message History

The kobold shouts! x2; You hear a croak.
The kobold throws a stone.
The stone hits you.
* * * LOW HITPOINT WARNING * * *
The gargoyle hurls a stone arrow at you.
The stone arrow misses you.
You hear an angry hiss.
You see here a stone.
Your surroundings suddenly seem different.
An orc warrior comes into view. It is wielding a +0 trident.
The orc warrior shouts!
An orc comes into view. It is wielding a +0 mace.
An orc wizard comes into view. It is wielding a +0 dagger.
An adder comes into view.
Found a glowing silver wand and a scale mail.
Found a staircase to the Orcish Mines.
An orc priest comes into view. It is wielding a +0 flail.
As you read the scroll of teleportation, it crumbles to dust.
You feel strangely unstable.
The orc warrior hits you from afar with a +0 trident!
You die...

#.#..........o
#.....>.......[.......
#.§..#.....(..o.......
#.##.^...5............
#o #.#9#.......>......
. #.#(##......So.....
.. #.#(##.....o.......
.. .§#.#...F....../...
.. #........h.@o......
#K#.##..........###
#.#.........###.# #
#K........# #
#K#.#.....#
..........#
..........+ ........#


You could see a warg, an orc warrior, a bullfrog, an orc priest, an orc wizard,
a quasit, an adder and an orc.

Vanquished Creatures
  Eustachio (D:5)
  The ghost of funkygono the Gusty, an amateur DrAE of Vehumet (D:4)
  Duvessa (D:6)
  A phantom (D:4)
  2 ogres
  A centaur (D:5)
  Dowan (D:6)
  2 killer bees (D:10)
  A scorpion (D:5)
  5 wights (D:4)
  A quasit (D:5)
  A bullfrog zombie (D:5)
  2 hounds
  A centaur skeleton (D:2)
  Terence (D:3)
  2 bullfrog skeletons
  An iguana (D:4)
  7 worker ants
  A hound skeleton (D:4)
  6 adders
  A shadow imp (D:5)
  A white imp (D:5)
  An ooze (D:5)
  4 worms
  2 dart slugs
  4 leopard geckos
  13 orcs
  A ball python (D:6)
  2 giant cockroaches
  6 goblins
  10 hobgoblins
  10 jackals
  5 kobolds
  2 quokkas
  6 bats
  5 frilled lizards
  14 rats
126 creatures vanquished.

Notes
Turn   | Place    | Note
-------+----------+-------------------------------------------
     0 | D:1      | Borgoz the Ghoul Gladiator began the quest for the Orb.
     0 | D:1      | Reached XP level 1. HP: 17/17 MP: 0/0
   310 | D:1      | Reached XP level 2. HP: 25/25 MP: 1/1
   799 | D:1      | Reached XP level 3. HP: 30/30 MP: 2/2
   847 | D:2      | Reached skill level 4 in Unarmed Combat
  1127 | D:2      | Reached skill level 1 in Armour
  1127 | D:2      | Reached XP level 4. HP: 37/37 MP: 3/3
  2234 | D:3      | Found a blossoming altar of Fedhas.
  2234 | D:3      | Found a sacrificial altar of Ru.
  2234 | D:3      | Found a bloodstained altar of Trog.
  2261 | D:3      | Reached XP level 5. HP: 29/45 MP: 4/4
  2402 | D:3      | Noticed Terence
  2418 | D:3      | Killed Terence
  2524 | D:3      | Found an ancient bone altar of Kikubaaqudgha.
  2588 | D:4      | Noticed an ogre
  2614 | D:4      | Reached skill level 5 in Unarmed Combat
  2614 | D:4      | Reached XP level 6. HP: 13/51 MP: 5/5
  2624 | D:4      | HP: 2/51 [wight/cursed +2 flail (3)]
  2799 | D:4      | Reached XP level 7. HP: 48/58 MP: 6/6
  2850 | D:4      | Found a large runed translucent door.
  2850 | D:4      | Found a large runed translucent door.
  2854 | D:4      | Noticed funkygono's ghost (amateur DrAE)
  2929 | D:4      | Reached skill level 6 in Unarmed Combat
  3058 | D:4      | You fall into a shaft and drop 1 floor!
  3058 | D:5      | Entered Level 5 of the Dungeon
  3602 | D:4      | Killed funkygono's ghost
  3603 | D:4      | Reached skill level 5 in Dodging
  3664 | D:5      | Found a stormy altar of Qazlal.
  3750 | D:5      | Reached XP level 8. HP: 53/67 MP: 7/7
  3905 | D:5      | Noticed Prince Ribbit
  3995 | D:5      | Noticed Eustachio
  4016 | D:5      | Killed Eustachio
  4017 | D:5      | Reached skill level 7 in Unarmed Combat
  4241 | D:5      | Reached skill level 5 in Fighting
  4251 | D:5      | Found a hazy altar of Hepliaklqana.
  4350 | D:6      | Noticed Duvessa
  4350 | D:6      | Noticed Dowan
  4367 | D:6      | Killed Duvessa
  4376 | D:6      | Killed Dowan
  4631 | D:6      | Found Tiduilit's Assorted Antiques.
  4640 | D:6      | Bought a scroll labelled JUNE SAOZAODAO for 20 gold pieces
  4703 | D:6      | Noticed Edmund
  4834 | D:7      | You fall into a shaft and drop 3 floors!
  4834 | D:10     | Entered Level 10 of the Dungeon
  4834 | D:10     | Noticed a yak
  4835 | D:10     | Noticed a yak
  4855 | D:10     | Noticed Psyche
  4877 | D:10     | Reached XP level 9. HP: 19/74 MP: 3/8
  4880 | D:10     | You fall into a shaft and drop 2 floors!
  4880 | D:12     | Noticed a brown ugly thing
  4893 | D:11     | Noticed a gargoyle
  4901 | D:11     | Found a staircase to the Orcish Mines.
  4902 | D:11     | Slain by an orc warrior

Illustrated notes

Levels and vault maps discovered:
D:1:      lemuel_arrival_rhombus, layout_basic
D:2:      layout_rooms
D:3:      layout_basic, marbit_many_paths,
          chequers_temple_overflow_statue_of_worship, uniq_terence
D:4:      layout_basic, ebering_ghost_disaster_area, palyth_stone_intersect
D:5:      layout_basic, lemuel_coloured_pillars_altar,
          nicolae_overflow_crystal_walls, uniq_eustachio, uniq_prince_ribbit1
D:6:      layout_layer_cave, serial_shops, shop, grunt_nemelex_the_gamble,
          uniq_duvessa, uniq_edmund
D:7:      layout_loops_ring, yredelemnul_forgotten_temple_becter,
          nicolae_dithmenos_through_a_glass_darkly, cheibriados_altar_1,
          minmay_temple_entry_proselytizer, amcnicky_altar_lugonu_corruption
D:10:     layout_big_octagon, uniq_psyche
D:11:     lemuel_troll_bridge, layout_basic, david_orc_3
D:12:     layout_irregular_city, uniq_maurice

Skill      XL: |  1  2  3  4  5  6  7  8 |
---------------+-------------------------+-----
Dodging        | 3 4 5 6 |  6.4
Unarmed Combat | 4 5 6 7 |  7.9
Armour         | 1 2 3 |  3.8
Fighting       | 3 4 5 |  5.4
Throwing       | |  1.8

Action                   |  1- 3 |  4- 6 |  7- 9 || total
-------------------------+-------+-------+-------++-------
Melee: Unarmed           |    68 |   223 |   264 ||   555
       Punch             |       |     2 |     6 ||     8
Throw: Throwing net      |       |     2 |       ||     2
  Use: Scroll            |       |     9 |    16 ||    25
       Potion            |       |     3 |     1 ||     4
Armor: Leather armour    |    21 |     4 |       ||    25
       Scale mail        |       |    60 |   115 ||   175
Dodge: Dodged            |    48 |   103 |   172 ||   323

Table legend: (Time is in decaauts)
 A = Elapsed time spent in this place.
 B = Non-inter-level travel time spent in this place.
 C = Inter-level travel time spent in this place.
 D = Time resting spent in this place.
 E = Time spent auto-exploring this place.
 F = Levels seen in this place.
 G = Mean time per level.
                   A        B        C        D        E       F      G
               +--------+--------+--------+--------+--------+-----+--------+
         Total |   4846 |   4724 |    122 |    380 |   3275 |  10 |  484.6 |
       Dungeon |   4846 |   4724 |    122 |    380 |   3275 |  10 |  484.6 |
               +--------+--------+--------+--------+--------+-----+--------+

Top non-repeatable levels by time:
     D:4: 1027 daAuts
     D:2: 946 daAuts
     D:1: 835 daAuts
     D:3: 779 daAuts
     D:5: 673 daAuts
     D:6: 467 daAuts
     D:7: 51 daAuts
    D:10: 43 daAuts
    D:12: 12 daAuts
    D:11: 8 daAuts
